 Dungeon Sprint DCSS version 0.23.2-33-g5129a83184 (webtiles) character file.

Game seed: 7858843768251269569

212 senseless the Skirmisher (level 5, -6/52 HPs)
             Began as a Minotaur Fighter on July 16, 2019.
             Was a Believer of Cheibriados.
             Mangled by a gnoll sergeant
             ... wielding a +0 spear
              (7 damage)
             ... in the Dungeon (Sprint VII: "The Pits").
             The game lasted 00:01:42 (106 turns).

senseless the Skirmisher (Minotaur Fighter)          Turns: 106, Time: 00:01:42

Health: -6/52      AC:  7    Str: 25    XL:     5   Next: 58%
Magic:  1/4        EV: 12    Int:  9    God:    Cheibriados [**....]
Gold:   0          SH: 11    Dex: 14    Spells: 4/4 levels left

rFire    . . .     SeeInvis .   l - +2 falchion
rCold    . . .     Gourm    .   c - +0 shield
rNeg     . . .     Faith    .   b - +0 scale mail
rPois    .         Spirit   .   (helmet restricted)
rElec    .         Reflect  .   (no cloak)
rCorr    .         Harm     .   (no gloves)
MR       .....     NoTele   +   (no boots)
Stlth    ..........             (no amulet)
HPRegen  0.17/turn              (no ring)
MPRegen  0.09/turn              (no ring)

@: very slow
A: retaliatory headbutt, horns 2
a: Bend Time, Renounce Religion


You were in the Dungeon.
You worshipped Cheibriados.
Cheibriados was pleased with you.
You were not hungry.

You visited 1 branch

Inventory:

Hand Weapons
 a - a +0 long sword
 l - a +2 falchion (weapon)
Armour
 b - a +0 scale mail (worn)
 c - a +0 shield (worn)
Scrolls
 k - a scroll of blinking
 n - 3 scrolls of remove curse
 o - 5 scrolls of amnesia
 p - a scroll of summoning
Potions
 d - a potion of might
 e - a potion of curing
 g - a potion of heal wounds
 h - a potion of haste
 i - 4 potions of magic
 j - 3 potions of berserk rage
 m - 2 potions of invisibility
Comestibles
 f - 9 rations


   Skills:
 + Level 7.2 Fighting
 + Level 6.6 Long Blades
 + Level 7.2 Armour
 + Level 5.4 Dodging
 + Level 7.2 Shields


You had 4 spell levels left.
You didn't know any spells.
Your spell library was empty.

Dungeon Overview and Level Annotations

Branches:
Dungeon (1/1)

Altars:
Ashenzari
Cheibriados
Dithmenos
Elyvilon
Fedhas
Gozag
Hepliaklqana
Kikubaaqudgha
Makhleb
Nemelex Xobeh
Okawaru
Qazlal
Ru
Sif Muna
Trog
Uskayaw
Vehumet
Wu Jian
Xom
Yredelemnul
Zin
The Shining One
Beogh
Jiyva
Lugonu


Innate Abilities, Weirdness & Mutations

You reflexively headbutt those who attack you in melee.
You have a pair of horns on your head.


Message History

You block the orc warrior's attack.
You hit the orc warrior.
The orc warrior is severely wounded.
The gnoll sergeant hits you but does no damage.
The orc warrior closely misses you. You furiously retaliate!
You headbutt the orc warrior!
You kill the orc warrior!
Cheibriados appreciates the change of pace.
Cheibriados raises the support of your attributes as your movement slows.
Your Fighting skill increases to level 7!
Your Long Blades skill increases to level 6!
Your Armour skill increases to level 7!
Your Dodging skill increases to level 5!
Your Shields skill increases to level 7!
You have reached level 5!
The gnoll sergeant hits you from afar with a +0 spear.
* * * LOW HITPOINT WARNING * * *
You block the gnoll sergeant's attack.
The gnoll sergeant hits you with a +0 spear!
You die...

##########.##.....
#...........'.....
#'#####+#####.....
#.# #..... #.#
####'# #.# #.....
#.# #..... #.#
#..... #@# #...<.
#g# #..... #K#
#..... #g# #.....


#ggoFo..# ###### #oo.#o..# #go.# .# #.##. #.. #o You could see a gnoll sergeant,
4 gnolls, 3 orcs and a kobold.

Vanquished Creatures
  An orc warrior (D)
  A bullfrog (D)
  A hound (D)
  A gnoll (D)
  A river rat (D)
5 creatures vanquished.

Notes
Turn   | Place    | Note
-------+----------+-------------------------------------------
     0 | D        | senseless the Minotaur Fighter began the quest for the Orb.
     0 | D        | Reached XP level 1. HP: 19/19 MP: 0/0
    14 | D        | Reached skill level 1 in Dodging
    14 | D        | Reached XP level 2. HP: 19/27 MP: 1/1
    42 | D        | Found a glowing golden altar of the Shining One.
    42 | D        | Found a glowing silver altar of Zin.
    42 | D        | Found a basalt altar of Yredelemnul.
    42 | D        | Found a shimmering altar of Xom.
    42 | D        | Found an ornate altar of the Wu Jian Council.
    42 | D        | Found a bloodstained altar of Trog.
    42 | D        | Found a deep blue altar of Sif Muna.
    42 | D        | Found a sacrificial altar of Ru.
    42 | D        | Found a stormy altar of Qazlal.
    42 | D        | Found an iron altar of Okawaru.
    42 | D        | Found a sparkling altar of Nemelex Xobeh.
    42 | D        | Found a burning altar of Makhleb.
    42 | D        | Found a viscous altar of Jiyva.
    42 | D        | Found a hazy altar of Hepliaklqana.
    42 | D        | Found an opulent altar of Gozag.
    42 | D        | Found a blossoming altar of Fedhas.
    42 | D        | Found a white marble altar of Elyvilon.
    42 | D        | Found a shadowy altar of Dithmenos.
    42 | D        | Found a snail-covered altar of Cheibriados.
    43 | D        | Found a radiant altar of Vehumet.
    43 | D        | Found a corrupted altar of Lugonu.
    43 | D        | Found a roughly hewn altar of Beogh.
    44 | D        | Found a hide-covered altar of Uskayaw.
    44 | D        | Found an ancient bone altar of Kikubaaqudgha.
    44 | D        | Found a shattered altar of Ashenzari.
    52 | D        | Became a worshipper of Cheibriados the Contemplative
    80 | D        | Noticed a gnoll sergeant
    81 | D        | Noticed an orc warrior
    81 | D        | Noticed a bullfrog
    86 | D        | Killed a bullfrog
    86 | D        | Reached skill level 5 in Fighting
    86 | D        | Reached skill level 5 in Armour
    86 | D        | Reached skill level 5 in Shields
    86 | D        | Reached XP level 3. HP: 30/36 MP: 2/2
    86 | D        | Reached XP level 4. HP: 35/42 MP: 3/3
    92 | D        | Reached * piety under Cheibriados
    92 | D        | Reached skill level 5 in Long Blades
   103 | D        | Killed an orc warrior
   103 | D        | Reached ** piety under Cheibriados
   103 | D        | Reached skill level 5 in Dodging
   103 | D        | Reached XP level 5. HP: 6/52 MP: 1/4
   103 | D        | HP: 1/52 [gnoll sergeant/+0 spear (5)]
   106 | D        | Mangled by a gnoll sergeant

Skill      XL: |  1  2  3  4 |
---------------+-------------+-----
Fighting       | 4 5 7 |  7.2
Long Blades    | 3 4 6 |  6.6
Armour         | 4 5 7 |  7.2
Dodging        | 1 3 5 |  5.4
Shields        | 4 5 7 |  7.2

Action                   |  1- 3 |  4- 6 || total
-------------------------+-------+-------++-------
Melee: Long sword        |     5 |       ||     5
       Headbutt          |     1 |     3 ||     4
       Falchion          |     3 |    12 ||    15
Invok: Bend Time         |       |     1 ||     1
Armor: Scale mail        |     2 |     5 ||     7
Dodge: Dodged            |     3 |     7 ||    10
Block: Shield            |     4 |    11 ||    15
       Rpst.: Falchion   |     1 |       ||     1
